 Dungeon Crawl Stone Soup version 0.25.0-11-g1f837a76a1 (webtiles) character file.

Game seed: 4656367012929764409

226 Dirian the Slasher (level 5, -1/46 HPs)
             Began as a Minotaur Fighter on June 26, 2020.
             Was a Follower of Yredelemnul.
             Killed by divine providence
             ... invoked by an orc priest
              (12 damage)
             ... on level 4 of the Dungeon.
             The game lasted 00:04:11 (2733 turns).

Dirian the Slasher (Minotaur Fighter)               Turns: 2733, Time: 00:04:11

Health: -1/46      AC: 10    Str: 21    XL:     5   Next: 69%
Magic:  4/4        EV:  5    Int:  5    God:    Yredelemnul [*.....]
Gold:   158        SH: 10    Dex: 10    Spells: 4/4 levels left

rFire    . . .     SeeInvis .   a - +0 long sword
rCold    . . .     Gourm    .   c - +1 kite shield
rNeg     . . .     Faith    .   f - +0 chain mail
rPois    .         Spirit   .   (helmet restricted)
rElec    .         Reflect  .   (no cloak)
rCorr    .         Harm     .   (no gloves)
MR       .....                  g - +0 pair of boots {Fly}
Stlth    ..........             m - amulet of the acrobat
HPRegen  0.15/turn              (no ring)
MPRegen  0.09/turn              (no ring)

@: flying, heavily drained
A: retaliatory headbutt, horns 2
a: Animate Remains, Renounce Religion, Stop Flying


You were on level 4 of the Dungeon.
You worshipped Yredelemnul.
Yredelemnul was aware of your devotion.
You were hungry.

You visited 1 branch of the dungeon, and saw 4 of its levels.

You collected 158 gold pieces.

Inventory:

Hand Weapons
 a - a +0 long sword (weapon)
Armour
 c - a +1 kite shield (worn)
 f - a +0 chain mail (worn)
 g - a +0 pair of boots of flying (worn)
Jewellery
 m - an amulet of the acrobat (around neck)
Scrolls
 l - a scroll of fog
 o - 2 scrolls of enchant armour
 t - 4 scrolls of teleportation
Potions
 d - a potion of might
 h - a potion of haste
 i - a potion of brilliance
 n - a potion of resistance {unknown}
 p - a potion of berserk rage {unknown}
 q - a potion of curing
 s - a potion of experience {unknown}
Comestibles
 e - 5 rations


   Skills:
 + Level 4.3(2.4) Fighting
 * Level 5.4(3.5) Long Blades
 + Level 4.6(2.7) Armour
 + Level 4.6(2.7) Shields


You had 4 spell levels left.
You didn't know any spells.
Your spell library was empty.

Dungeon Overview and Level Annotations

Branches:
Dungeon (4/15)
 Temple: D:4-7

Altars:
Yredelemnul


Innate Abilities, Weirdness & Mutations

You reflexively headbutt those who attack you in melee.
You have a pair of horns on your head.


Message History

* * * LOW HITPOINT WARNING * * *
You feel drained.
* * * LOW HITPOINT WARNING * * *
Your shield and chain mail prevent you from hitting the orc priest.
You headbutt the orc priest.
The orc priest is almost dead.
The orc priest hits you but does no damage.
The orc barely misses you.
You feel sick.
You are no longer poisoned.
There is a stone staircase leading up here.
You feel better.
The orc priest hits you but does no damage.
You hit the orc priest.
You kill the orc priest!
Yredelemnul accepts your kill.
The orc priest calls down the wrath of Beogh upon you.
Beogh smites you!
You die...
Your body rises from the dead as a mindless zombie.

# # ###.###
#.####.......
#.ooo@....?.#
!....oo###.#..#.#
.....## .# ...
.... .# . ... .#
.. .# # .# .#


You could see an orc priest and 4 orcs.

Vanquished Creatures
  2 orc priests
  A worker ant (D:3)
  4 gnolls
  3 adders
  An ooze (D:2)
  3 dart slugs
  2 leopard geckos (D:2)
  7 orcs (D:3)
  3 giant cockroaches
  6 goblins
  5 hobgoblins
  6 jackals
  6 kobolds
  2 quokkas (D:3)
  5 bats
  4 frilled lizards
  4 rats
64 creatures vanquished.

Notes
Turn   | Place    | Note
-------+----------+-------------------------------------------
     0 | D:1      | Dirian the Minotaur Fighter began the quest for the Orb.
     0 | D:1      | Reached XP level 1. HP: 19/19 MP: 0/0
   110 | D:1      | Reached XP level 2. HP: 18/27 MP: 1/1
   522 | D:1      | Reached skill level 3 in Long Blades
   845 | D:2      | Reached XP level 3. HP: 33/33 MP: 2/2
  1062 | D:2      | Found a faded altar of an unknown god.
  1626 | D:3      | Reached skill level 4 in Long Blades
  1626 | D:3      | Reached XP level 4. HP: 30/40 MP: 3/3
  1857 | D:3      | Reached XP level 5. HP: 46/46 MP: 4/4
  1878 | D:3      | Reached skill level 5 in Long Blades
  2680 | D:2      | Became a worshipper of Yredelemnul the Dark
  2680 | D:2      | Reached * piety under Yredelemnul
  2733 | D:4      | Killed from afar by an orc priest

Illustrated notes

Levels and vault maps discovered:
D:1:      lightli_iron_boxes, layout_basic, minmay_misc_feat_alley
D:2:      layout_loops_ring, chequers_ecumenical_altar_grove
D:3:      layout_loops_ring, grunt_decor_one_mirror
D:4:      layout_loops_ring, serial_shops, shop, minmay_misc_feat_plants,
          nicolae_dithmenos_through_a_glass_darkly, uniq_robin

Skill      XL: |  1  2  3  4  5 |
---------------+----------------+-----
Fighting       | 4 |  4.3
Long Blades    | 3 4 5 |  5.4
Armour         | 4 |  4.6
Shields        | 4 |  4.6

Action                   |  1- 3 |  4- 6 || total
-------------------------+-------+-------++-------
Melee: Long sword        |    89 |    75 ||   164
       Headbutt          |    16 |    14 ||    30
  Use: Scroll            |       |     7 ||     7
       Potion            |       |     1 ||     1
  Eat: Chunk             |     2 |     3 ||     5
Armor: Scale mail        |    35 |    22 ||    57
       Chain mail        |       |    16 ||    16
Dodge: Dodged            |    28 |    19 ||    47
Block: Kite shield       |    36 |    52 ||    88
       Rpst.: Long sword |     8 |     5 ||    13
